TOP OF THE 1ST |
Fresno Grizzlies batting - Pitching for Durham Bulls : LHP Chris Ross
|
Pitching: LHP Chris Ross
|
|
Batting: SHB Bryan Johnston
|
0-0: Ball 1-0: Ground out 5-3 (Groundball, 5S, EV 73.8 MPH)
|
Batting: LHB Jimmy Edlin
|
0-0: Ball 1-0: Fly out, F7 (Line Drive, 7, EV 86.9 MPH)
|
Batting: RHB Marty King
|
0-0: Called Strike 0-1: Foul Ball, location: 2F 0-2: Ball 1-2: Foul Ball, location: 2F 1-2: Foul Ball, location: 2F 1-2: Ball 2-2: Ground out 4-3 (Groundball, 4, EV 99.4 MPH)
|
Top of the 1st over - 0 runs, 0 hits, 0 errors, 0 left on base; Fresno 0 - Durham 0 |
BOTTOM OF THE 1ST |
Durham Bulls batting - Pitching for Fresno Grizzlies : RHP Pete Rance
|
Pitching: RHP Pete Rance
|
|
Batting: RHB Jonathan Fraire
|
0-0: Ball 1-0: Swinging Strike 1-1: Ground out 6-3 (Groundball, 6, EV 98.8 MPH)
|
Batting: SHB Joey Pacheco
|
0-0: Foul Ball, location: 2F 0-1: Fly out, F8 (Flyball, 89M, EV 86.9 MPH)
|
Batting: LHB Davion Lewis
|
0-0: Ball 1-0: Called Strike 1-1: Called Strike 1-2: Ball 2-2: Strikes out swinging
|
Bottom of the 1st over - 0 runs, 0 hits, 0 errors, 0 left on base; Fresno 0 - Durham 0 |
TOP OF THE 2ND |
Fresno Grizzlies batting - Pitching for Durham Bulls : LHP Chris Ross
|
Batting: RHB Elijah Hunter
|
0-0: Called Strike 0-1: Ball 1-1: Called Strike 1-2: Strikes out swinging
|
Batting: SHB Troy Kenyon
|
0-0: Ball 1-0: Ball 2-0: Called Strike 2-1: Swinging Strike 2-2: Strikes out swinging
|
Batting: SHB Paskar Adegoke
|
0-0: Foul Ball, location: 2F 0-1: Fly out, F7 (Line Drive, 78M, EV 85.6 MPH)
|
Top of the 2nd over - 0 runs, 0 hits, 0 errors, 0 left on base; Fresno 0 - Durham 0 |
BOTTOM OF THE 2ND |
Durham Bulls batting - Pitching for Fresno Grizzlies : RHP Pete Rance
|
Batting: RHB David Ward
|
0-0: Called Strike 0-1: Fly out, F5 (Popup, 56, EV 60.0 MPH)
|
Batting: LHB Jake Rheaume
|
0-0: Swinging Strike 0-1: Fly out, F7 (Flyball, 7S, EV 87.5 MPH)
|
Batting: RHB Sesto Carpini
|
0-0: Foul Ball, location: 2F 0-1: Ball 1-1: Fly out, F6 (Line Drive, 6, EV 62.5 MPH)
|
Bottom of the 2nd over - 0 runs, 0 hits, 0 errors, 0 left on base; Fresno 0 - Durham 0 |
TOP OF THE 3RD |
Fresno Grizzlies batting - Pitching for Durham Bulls : LHP Chris Ross
|
Batting: RHB Nick Deegan
|
0-0: Ball 1-0: Foul Ball, location: 2F 1-1: SINGLE (Groundball, 4D, EV 96.2 MPH)
|
Batting: RHB Workneh Lagat
|
0-0: Fly out, F9 (Flyball, 89S, EV 85.6 MPH)
|
Batting: RHB Xavier Castaneda
|
0-0: Foul Ball, location: 2F 0-1: Foul Ball, location: 2F 0-2: Hit by Pitch Nick Deegan to second
|
Batting: SHB Bryan Johnston
|
0-0: Ball 1-0: Foul Ball, location: 2F 1-1: Ball 2-1: Ball 3-1: SINGLE (Groundball, 56, EV 88.8 MPH) (infield hit) Nick Deegan to third Xavier Castaneda to second
|
Batting: LHB Jimmy Edlin
|
0-0: Ball 1-0: Foul Ball, location: 2F 1-1: SINGLE (Line Drive, 7S, EV 85.6 MPH) Nick Deegan scores Xavier Castaneda to third Bryan Johnston to second
|
Batting: RHB Marty King
|
0-0: Ball 1-0: Foul Ball, location: 2F 1-1: Foul Ball, location: 2F 1-2: Fly out, F9 (Line Drive, 9S, EV 92.5 MPH)
|
Batting: RHB Elijah Hunter
|
0-0: Ball 1-0: Ball 2-0: SINGLE (Flyball, 34D, EV 98.1 MPH) Xavier Castaneda scores Bryan Johnston to third Jimmy Edlin to second
|
Batting: SHB Troy Kenyon
|
0-0: Ball 1-0: SINGLE (Groundball, 4MD, EV 98.8 MPH) Bryan Johnston scores Jimmy Edlin to third Elijah Hunter to second Runner from 3rd tries for Home, SAFE, throw by CF to home
|
Batting: SHB Paskar Adegoke
|
0-0: Fly out, F8 (Flyball, 8RM, EV 90.6 MPH)
|
Top of the 3rd over - 4 runs, 5 hits, 0 errors, 2 left on base; Fresno 4 - Durham 0 |
BOTTOM OF THE 3RD |
Durham Bulls batting - Pitching for Fresno Grizzlies : RHP Pete Rance
|
Batting: RHB Jose Arriola
|
0-0: SINGLE (Line Drive, 8RS, EV 87.5 MPH)
|
Batting: RHB Danny Diaz
|
0-0: Called Strike Jose Arriola steals 2nd base 0-1: Ball 1-1: Called Strike 1-2: Strikes out swinging
|
Batting: RHB Freddy Mullen
|
0-0: Ball 1-0: Ground out 4-3 (Groundball, 34, EV 84.4 MPH) Jose Arriola to third
|
Batting: RHB Jonathan Fraire
|
0-0: Ball 1-0: Foul Ball, location: 2F 1-1: Ball 2-1: Ground out 5-3 (Groundball, 5, EV 88.8 MPH)
|
Bottom of the 3rd over - 0 runs, 1 hit, 0 errors, 1 left on base; Fresno 4 - Durham 0 |
TOP OF THE 4TH |
Fresno Grizzlies batting - Pitching for Durham Bulls : LHP Chris Ross
|
Batting: RHB Nick Deegan
|
0-0: Called Strike 0-1: Ball 1-1: DOUBLE (Line Drive, 8LD, EV 104.4 MPH)
|
Batting: RHB Workneh Lagat
|
0-0: Called Strike 0-1: Ball 1-1: Foul Ball, location: 2F 1-2: Ball 2-2: Ball 3-2: Reached on error, E5 (Groundball, 5S, EV 70.6 MPH) Nick Deegan to third
|
Batting: RHB Xavier Castaneda
|
0-0: Swinging Strike 0-1: Ball 1-1: Swinging Strike 1-2: Ball 2-2: Foul Ball, location: 2F 2-2: Fielders Choice at 2nd, 4-6 (Groundball, 4, EV 100.6 MPH) Nick Deegan scores
|
Batting: SHB Bryan Johnston
|
0-0: Ball 1-0: Ball 2-0: Ball 3-0: Called Strike 3-1: Base on Balls Xavier Castaneda to second
|
Pitching: RHP Al Speer
|
|
Batting: LHB Jimmy Edlin
|
0-0: Called Strike 0-1: Ball 1-1: Called Strike 1-2: Grounds into double play, 4-6-3 (Groundball, 4D, EV 101.9 MPH)
|
Top of the 4th over - 1 run, 1 hit, 1 error, 1 left on base; Fresno 5 - Durham 0 |
BOTTOM OF THE 4TH |
Durham Bulls batting - Pitching for Fresno Grizzlies : RHP Pete Rance
|
Batting: SHB Joey Pacheco
|
0-0: Swinging Strike 0-1: Ball 1-1: Swinging Strike 1-2: Strikes out looking
|
Batting: LHB Davion Lewis
|
0-0: Called Strike 0-1: Ball 1-1: Ball 2-1: Swinging Strike 2-2: Foul Ball, location: 2F 2-2: SINGLE (Line Drive, 34, EV 95.6 MPH)
|
Batting: RHB David Ward
|
0-0: Ball 1-0: Foul Ball, location: 2F 1-1: Foul Ball, location: 2F 1-2: Strikes out looking
|
Batting: LHB Jake Rheaume
|
0-0: Ball Wild Pitch! Davion Lewis to second 1-0: Ground out 6-3 (Groundball, 6, EV 78.8 MPH)
|
Bottom of the 4th over - 0 runs, 1 hit, 0 errors, 1 left on base; Fresno 5 - Durham 0 |
TOP OF THE 5TH |
Fresno Grizzlies batting - Pitching for Durham Bulls : RHP Al Speer
|
Batting: RHB Marty King
|
0-0: Ball 1-0: Called Strike 1-1: Foul Ball, location: 2F 1-2: Foul Ball, location: 2F 1-2: Ball 2-2: Fly out, F8 (Flyball, 8RXD, EV 105.0 MPH)
|
Batting: RHB Elijah Hunter
|
0-0: Ball 1-0: Called Strike 1-1: Ball 2-1: DOUBLE (Flyball, 8RXD, EV 100.0 MPH)
|
Batting: SHB Troy Kenyon
|
0-0: Ball Elijah Hunter steals 3rd base 1-0: Called Strike 1-1: Ball 2-1: Ball 3-1: Base on Balls
|
Batting: SHB Paskar Adegoke
|
0-0: Called Strike 0-1: SINGLE (Line Drive, 78M, EV 106.2 MPH) Elijah Hunter scores Troy Kenyon to second
|
Batting: RHB Nick Deegan
|
0-0: Ball 1-0: Fly out, F9 (Flyball, 9S, EV 83.1 MPH)
|
Batting: RHB Workneh Lagat
|
0-0: Called Strike 0-1: Ball 1-1: Foul Ball, location: 2F 1-2: Ball 2-2: Foul Ball, location: 2F 2-2: Ball 3-2: Base on Balls Troy Kenyon to third Paskar Adegoke to second
|
Batting: RHB Xavier Castaneda
|
0-0: Ball 1-0: Foul Ball, location: 2F 1-1: Foul Ball, location: 2F 1-2: Ball 2-2: Ball 3-2: Strikes out swinging
|
Top of the 5th over - 1 run, 2 hits, 0 errors, 3 left on base; Fresno 6 - Durham 0 |
BOTTOM OF THE 5TH |
Durham Bulls batting - Pitching for Fresno Grizzlies : RHP Pete Rance
|
Batting: RHB Sesto Carpini
|
0-0: Called Strike 0-1: Ball 1-1: Foul Ball, location: 2F 1-2: Ball 2-2: Strikes out swinging
|
Batting: RHB Jose Arriola
|
0-0: Ball 1-0: Ball 2-0: Ground out 2-3 (Groundball, 15S, EV 68.8 MPH)
|
Batting: RHB Danny Diaz
|
0-0: Ground out U3 (Groundball, 34, EV 86.9 MPH)
|
Bottom of the 5th over - 0 runs, 0 hits, 0 errors, 0 left on base; Fresno 6 - Durham 0 |
TOP OF THE 6TH |
Fresno Grizzlies batting - Pitching for Durham Bulls : RHP Al Speer
|
Pitching: RHP Kyle Thomas
|
|
Batting: SHB Bryan Johnston
|
0-0: Ball 1-0: Ball 2-0: Called Strike 2-1: Foul Ball, location: 2F 2-2: Foul Ball, location: 2F 2-2: Strikes out swinging, 2-3 out at first.
|
Batting: LHB Jimmy Edlin
|
0-0: DOUBLE (Line Drive, 89D, EV 105.6 MPH)
|
Batting: RHB Marty King
|
0-0: Called Strike 0-1: Ball 1-1: Called Strike 1-2: Strikes out swinging
|
Batting: RHB Elijah Hunter
|
0-0: Ball 1-0: Called Strike 1-1: Foul Ball, location: 2F 1-2: Hit by Pitch
|
Batting: SHB Troy Kenyon
|
0-0: Ball 1-0: Fly out, F9 (Flyball, 9LM, EV 98.1 MPH)
|
Top of the 6th over - 0 runs, 1 hit, 0 errors, 2 left on base; Fresno 6 - Durham 0 |
BOTTOM OF THE 6TH |
Durham Bulls batting - Pitching for Fresno Grizzlies : RHP Pete Rance
|
Batting: RHB Freddy Mullen
|
0-0: Foul Ball, location: 2F 0-1: Foul Ball, location: 2F 0-2: Strikes out swinging
|
Batting: RHB Jonathan Fraire
|
0-0: Ball 1-0: Ball 2-0: Foul Ball, location: 2F 2-1: Ball 3-1: Base on Balls
|
Batting: SHB Joey Pacheco
|
0-0: Swinging Strike 0-1: Foul Ball, location: 2F 0-2: Ball 1-2: Ball 2-2: SINGLE (Flyball, 3D, EV 99.4 MPH) Jonathan Fraire to second
|
Batting: LHB Davion Lewis
|
0-0: Fly out, F7 (Flyball, 7D, EV 105.0 MPH) Runner from 2nd tags up, SAFE at 3rd with throw by LF
|
Batting: RHB David Ward
|
0-0: Ball 1-0: Ball 2-0: Called Strike 2-1: Foul Ball, location: 2F 2-2: Strikes out swinging
|
Bottom of the 6th over - 0 runs, 1 hit, 0 errors, 2 left on base; Fresno 6 - Durham 0 |
TOP OF THE 7TH |
Fresno Grizzlies batting - Pitching for Durham Bulls : RHP Kyle Thomas
|
Batting: SHB Paskar Adegoke
|
0-0: Ball 1-0: Ball 2-0: Foul Ball, location: 2F 2-1: Foul Ball, location: 2F 2-2: Foul Ball, location: 2F 2-2: Ball 3-2: Fly out, F8 (Flyball, 8RD, EV 81.9 MPH)
|
Batting: RHB Nick Deegan
|
0-0: Ground out 4-3 (Groundball, 4, EV 80.6 MPH)
|
Batting: RHB Workneh Lagat
|
0-0: Ball 1-0: Called Strike 1-1: Ball 2-1: Ball 3-1: Foul Ball, location: 2F 3-2: Foul Ball, location: 2F 3-2: Reached via error on a dropped throw from SS, E3 (Groundball, 56D, EV 82.5 MPH)
|
Batting: RHB Xavier Castaneda
|
0-0: Foul Ball, location: 2F 0-1: Swinging Strike 0-2: Foul Ball, location: 2F 0-2: Ball 1-2: Ball 2-2: Ball 3-2: Strikes out swinging
|
Top of the 7th over - 0 runs, 0 hits, 1 error, 1 left on base; Fresno 6 - Durham 0 |
BOTTOM OF THE 7TH |
Durham Bulls batting - Pitching for Fresno Grizzlies : RHP Pete Rance
|
Batting: LHB Jake Rheaume
|
0-0: Ball 1-0: Ball 2-0: Called Strike 2-1: Foul Ball, location: 2F 2-2: Ball 3-2: Base on Balls
|
Batting: RHB Sesto Carpini
|
0-0: Ball 1-0: Ball 2-0: Called Strike 2-1: Foul Ball, location: 2F 2-2: Ball 3-2: Fly out, F9 (Flyball, 9, EV 75.6 MPH)
|
Pitching: RHP Michael Bruce
|
|
Batting: RHB Jose Arriola
|
0-0: Swinging Strike 0-1: Ball 1-1: Ball 2-1: Fielders Choice at 2nd, 5-4 (Groundball, 5, EV 88.1 MPH)
|
Batting: RHB Danny Diaz
|
0-0: Called Strike 0-1: Foul Ball, location: 2F 0-2: Ball 1-2: Ball 2-2: Strikes out looking
|
Bottom of the 7th over - 0 runs, 0 hits, 0 errors, 1 left on base; Fresno 6 - Durham 0 |
TOP OF THE 8TH |
Fresno Grizzlies batting - Pitching for Durham Bulls : RHP Kyle Thomas
|
Batting: SHB Bryan Johnston
|
0-0: Called Strike 0-1: Foul Ball, location: 2F 0-2: Foul Ball, location: 2F 0-2: Ball 1-2: Foul Ball, location: 2F 1-2: SINGLE (Line Drive, 78S, EV 103.1 MPH)
|
Batting: LHB Jimmy Edlin
|
0-0: Ball Bryan Johnston steals 2nd base 1-0: Ball 2-0: Ground out 5-3 (Groundball, 56, EV 86.9 MPH)
|
Pitching: RHP Greg Spaulding
|
|
Batting: RHB Marty King
|
0-0: Swinging Strike 0-1: Foul Ball, location: 2F 0-2: Strikes out swinging
|
Batting: RHB Elijah Hunter
|
0-0: Ball 1-0: Fly out, F9 (Flyball, 9, EV 83.1 MPH)
|
Top of the 8th over - 0 runs, 1 hit, 0 errors, 1 left on base; Fresno 6 - Durham 0 |
BOTTOM OF THE 8TH |
Durham Bulls batting - Pitching for Fresno Grizzlies : RHP Michael Bruce
|
Batting: RHB Freddy Mullen
|
0-0: Called Strike 0-1: Foul Ball, location: 2F 0-2: Ground out 5-3 (Groundball, 56, EV 103.8 MPH)
|
Batting: RHB Jonathan Fraire
|
0-0: Called Strike 0-1: Fly out, F6 (Line Drive, 6, EV 73.1 MPH)
|
Batting: SHB Joey Pacheco
|
0-0: Ball 1-0: Foul Ball, location: 2F 1-1: Swinging Strike 1-2: Strikes out swinging
|
Bottom of the 8th over - 0 runs, 0 hits, 0 errors, 0 left on base; Fresno 6 - Durham 0 |
TOP OF THE 9TH |
Fresno Grizzlies batting - Pitching for Durham Bulls : RHP Greg Spaulding
|
Batting: SHB Troy Kenyon
|
0-0: Ball 1-0: Ball 2-0: Foul Ball, location: 2F 2-1: Ground out 6-3 (Groundball, 6, EV 100.6 MPH)
|
Batting: SHB Paskar Adegoke
|
0-0: Foul Ball, location: 2F 0-1: Ball 1-1: Ball 2-1: Foul Ball, location: 2F 2-2: Ground out 4-3 (Groundball, 4M, EV 88.1 MPH)
|
Batting: RHB Nick Deegan
|
0-0: Ball 1-0: Called Strike 1-1: Foul Ball, location: 2F 1-2: Strikes out swinging
|
Top of the 9th over - 0 runs, 0 hits, 0 errors, 0 left on base; Fresno 6 - Durham 0 |
BOTTOM OF THE 9TH |
Durham Bulls batting - Pitching for Fresno Grizzlies : RHP Michael Bruce
|
Batting: LHB Davion Lewis
|
0-0: Ball 1-0: Ball 2-0: Foul Ball, location: 2F 2-1: Ball 3-1: Base on Balls
|
Batting: RHB David Ward
|
0-0: Swinging Strike 0-1: Ball 1-1: Ball 2-1: Foul Ball, location: 2F 2-2: Ball 3-2: Foul Ball, location: 2F 3-2: Foul Ball, location: 2F 3-2: Fielders Choice at 2nd, 4-6 (Groundball, 4, EV 81.9 MPH)
|
Batting: LHB Jake Rheaume
|
0-0: Foul Ball, location: 2F 0-1: Ball 1-1: Swinging Strike 1-2: Ball 2-2: Ball 3-2: Base on Balls David Ward to second
|
Batting: RHB Sesto Carpini
|
0-0: Ball 1-0: Ball 2-0: Called Strike 2-1: Called Strike 2-2: Foul Ball, location: 2F 2-2: SINGLE (Line Drive, 8RS, EV 102.5 MPH) David Ward to third Jake Rheaume to second
|
Batting: RHB Jose Arriola
|
0-0: Ball 1-0: Fly out, F4 (Popup, 34, EV 54.4 MPH)
|
Batting: RHB Danny Diaz
|
0-0: Foul Ball, location: 2F 0-1: Ball 1-1: Foul Ball, location: 2F 1-2: Ball 2-2: SINGLE (Groundball, 6MD, EV 109.4 MPH) David Ward scores Jake Rheaume to third Sesto Carpini to second
|
Pitching: RHP Josh Holloway
|
|
Pinch Hitting: SHB Brett McEwen
|
0-0: Ball 1-0: Swinging Strike 1-1: Foul Ball, location: 2F 1-2: Ball 2-2: Ball 3-2: Foul Ball, location: 2F 3-2: Base on Balls Jake Rheaume scores Sesto Carpini to third Danny Diaz to second
|
Batting: RHB Jonathan Fraire
|
0-0: SINGLE (Groundball, 34D, EV 105.0 MPH) Sesto Carpini scores Danny Diaz to third Brett McEwen to second
|
Batting: SHB Joey Pacheco
|
0-0: Ball 1-0: Ball 2-0: Foul Ball, location: 2F 2-1: Ball 3-1: Base on Balls Danny Diaz scores Brett McEwen to third Jonathan Fraire to second
|
Batting: LHB Davion Lewis
|
0-0: Called Strike 0-1: Called Strike 0-2: Ball 1-2: Fielders Choice at 2nd, 6-4 (Groundball, 6, EV 83.8 MPH)
|
Bottom of the 9th over - 4 runs, 3 hits, 0 errors, 3 left on base; Fresno 6 - Durham 4 |
|